 Dungeon Crawl Stone Soup version 0.31-a0-963-ga325b2283a (webtiles) character file.

Game seed: 8551257333529607375

9023 Gargoyl the Cleaver (level 11, -6/112 HPs)
             Began as a Gargoyle Berserker on Oct 25, 2023.
             Was a Priest of Trog.
             Mangled by an orc knight
             ... wielding a +0 glaive
              (21 damage)
             ... in a bailey.
             The game lasted 00:12:42 (8533 turns).

Gargoyl the Cleaver (Gargoyle Berserker)            Turns: 8533, Time: 00:12:42

Health: -6/112     AC: 17    Str: 24    XL:     11   Next: 40%
Magic:  12/12      EV: 14    Int:  9    God:    Trog [***...]
Gold:   140        SH:  0    Dex: 14    Spells: 10/10 levels left

rFire   . . .        q - +2 war axe
rCold   . . .        (no shield)
rNeg    + . .        t - +0 steam dragon scales
rPois   ∞            i - +0 helmet
rElec   +            (no cloak)
rCorr   +            (no gloves)
SInv    .            H - +0 pair of boots of the Planets {rElec rCorr Dex-5 Slay+3}
Will    ++...        z - amulet of regeneration Stlth
                     e - +6 ring of dexterity
HPRegen 2.18/turn    b - +6 ring of strength
MPRegen 0.13/turn

%: no passive effects
@: berserking, strong-willed, regenerating, very quick
A: sickness immunity, AC +8, negative energy resistance 1, electricity
resistance, torment resistance 1, petrification resistance, high MP 1, robust 1,
weak 1
a: Renounce Religion, Berserk, Trog's Hand


You were in a bailey.
You worshipped Trog.
Trog was most pleased with you.
You visited 1 branch of the dungeon, and saw 10 of its levels.
You also visited: Bailey.

You collected 708 gold pieces.
You spent 568 gold pieces at shops.

Inventory:

Hand Weapons
 a - a +0 hand axe
 d - a +2 falchion of flaming
 q - a +2 war axe (weapon)
Missiles
 r - 8 poisoned darts
 w - 5 curare-tipped darts (quivered)
 B - 3 throwing nets
Armour
 i - a +0 helmet (worn)
 t - +0 steam dragon scales (worn)
 y - a +0 pair of boots
 H - the +0 pair of boots of the Planets (worn) {rElec rCorr Dex-5 Slay+3}
   (You bought it in a shop on level 9 of the Dungeon)

   Dex-5:     It affects your dexterity (-5).
   Slay+3:    It affects your accuracy & damage with ranged weapons and melee
   (+3).
   rElec:     It insulates you from electricity.
   rCorr:     It protects you from acid and corrosion.
Jewellery
 b - a +6 ring of strength (right hand)
 e - a +6 ring of dexterity (left hand)
 z - an amulet of regeneration (around neck)
 I - a +5 ring of evasion
Wands
 g - a wand of mindburst (12)
 v - a wand of charming (9)
Scrolls
 j - a scroll of revelation
 s - 3 scrolls of identify
 A - 4 scrolls of teleportation
 C - a scroll of fear
 D - a scroll of fog
 E - a scroll of poison
 F - 2 scrolls of noise
 G - a scroll of blinking
Potions
 c - a potion of berserk rage
 f - a potion of invisibility {unknown}
 h - 3 potions of resistance {unknown}
 l - a potion of cancellation
 m - a potion of degeneration {unknown}
 n - 3 potions of curing {unknown}
 o - a potion of brilliance {unknown}
 p - 5 potions of mutation
 u - a potion of lignification {unknown}


   Skills:
 + Level 8.6 Fighting
 + Level 12.0 Axes
 + Level 7.9 Armour
 + Level 5.2 Dodging
 + Level 3.1 Stealth


You had 10 spell levels left.
You didn't know any spells.
Your spell library was empty.

Dungeon Overview and Level Annotations

Branches:
Dungeon (10/15)            Temple (0/1) D:7          Bailey (1/1)
   Lair: D:8-11         Orc: D:9-12

Altars:
Ashenzari
Cheibriados
Dithmenos
Elyvilon
Fedhas
Hepliaklqana
Kikubaaqudgha
Makhleb
Okawaru
Ru
Wu Jian
Xom
Yredelemnul

Shops:
D:4 (   D:7 *   D:9 **


Innate Abilities, Weirdness & Mutations

You are immune to sickness and miasma.
Your stone body is resilient. (AC +8)
You are immune to poison.
You resist negative energy. (rN+)
You are resistant to electric shocks. (rElec)
You are resistant to unholy torment.
You are immune to petrification.
You have an increased reservoir of magic. (+10% MP)
You are robust. (+10% HP)
You are weak. (Str -2)


Message History

Trog accepts your kill.
You hear a splash. x2
Things that are here:
a +0 trident; a +0 ring mail; an orc corpse HP restored.
You open the door. 3 orc warriors and an orc knight come into view.
The orc warrior shouts! x2; You hear a shout!
An orc knight comes into view. It is wielding a +0 glaive.
Found a gate leading back out of this place.
There are monsters nearby!
There are monsters nearby!
There is an open door here.
The orc knight shouts!
The orc knight roars a battlecry!
The orcs go into a battle-frenzy!
The orc warrior barely misses you.
The orc warrior hits you but does no damage.
The orc knight hits you from afar with a +0 halberd!!
The orc warrior hits you from afar with a +0 glaive!
The orc warrior hits you but does no damage.
The orc knight roars a battlecry!
The orc knight goes into a battle-frenzy!
Your skin crawls.
You feel strong-willed. The orc warrior closely misses you.
The orc knight hits you with a +0 halberd.
The orc warrior hits you with a +0 glaive!
A red film seems to cover your vision as you go berserk!
You feel yourself moving faster!
You feel mighty! The orc knight misses you.
The orc warrior hits you but does no damage.
The orc warrior barely misses you.
The orc knight hits you with a +0 halberd!!
* * * LOW HITPOINT WARNING * * *
The orc warrior hits you from afar with a +0 glaive!
* * * LOW HITPOINT WARNING * * *
You closely miss the orc warrior.
You hit the orc knight but do no damage.
The orc knight hits you from afar with a +0 glaive!!
You die...

#..)~..##########
##).)~..........#
#.∩.##..~~~~~~~~~~.# #...
##..........~.#
####+###'#########)~.#
...§§§...## ##)~.#
.≈≈§≈§≈≈..## ##..~.# .
≈§.§§§o≈≈..## ##..)~.# .
§§.⌠∩⌠oo@§§.# #..~~.∩# . +#
≈...⌠.oo§≈§.#+#..)~)## . #.##
§≈.....≈§§§+#.##..~~.# ##.$.#
.≈≈≈.≈≈≈..##...##..~.# #.$$
.........##.....##.~.#
############+#############.~.#
.)......## ##..........~.#
~)~~~~~..## ##..~~~~~~~~~~.#
......~~..## ##..)~..........#


You could see 2 orc knights and 3 orc warriors.

Vanquished Creatures
  A two-headed ogre (D:10)
  A manticore (D:6)
  Maggie (D:6)
  A merfolk (D:9)
  A hornet (D:7)
  9 slime creatures
  A shadow (D:9)
  A wraith (D:7)
  2 vampires
  12 yaks
  A vampire mosquito (D:6)
  Menkaure (D:7)
  2 water moccasins
  An orc warrior (Bailey)
  4 ice beasts
  3 sky beasts
  2 black bears (D:6)
  3 ogres
  3 centaurs
  A phantom (D:7)
  A kobold brigand (D:6)
  3 bullfrogs
  5 scorpions
  A wyvern skeleton (D:7)
  3 howler monkeys
  4 hounds
  4 orc priests
  A gnoll bouda (D:7)
  A sleepcap (D:7)
  3 iguanas
  8 orc wizards
  13 gnolls
  11 adders
  4 shadow imps (D:7)
  2 white imps
  A worm (D:3)
  36 orcs
  6 bats
  11 endoplasms
  A giant cockroach (D:2)
  10 goblins
  5 hobgoblins
  9 jackals (D:1)
  3 quokkas
  9 ball pythons
  6 frilled lizards
  17 kobolds
  2 rats
  A spectral kobold (D:7)
232 creatures vanquished.

Notes
Turn   | Place    | Note
-------+----------+-------------------------------------------
     0 | D:1      | Gargoyl the Gargoyle Berserker began the quest for the Orb.
     0 | D:1      | Reached XP level 1. HP: 14/14 MP: 1/1
    91 | D:1      | Reached XP level 2. HP: 13/19 MP: 2/2
   201 | D:1      | Reached skill level 3 in Axes
   295 | D:1      | Reached XP level 3. HP: 24/24 MP: 3/3
   484 | D:1      | Reached ** piety under Trog
  1046 | D:2      | Reached XP level 4. HP: 29/29 MP: 4/4
  1568 | D:3      | Found a broken altar of Ashenzari.
  1635 | D:3      | Found a faded altar of an unknown god.
  1652 | D:3      | Reached XP level 5. HP: 33/33 MP: 3/5
  1758 | D:3      | Found a white marble altar of Elyvilon.
  2131 | D:4      | Reached *** piety under Trog
  2216 | D:4      | Reached skill level 4 in Axes
  2343 | D:4      | Found Waicipt's Weapon Shop.
  2461 | D:4      | Noticed an ogre
  2469 | D:4      | Killed an ogre
  2470 | D:4      | Reached XP level 6. HP: 38/38 MP: 6/6
  2593 | D:4      | Found an ornate altar of the Wu Jian Council.
  3225 | D:5      | Entered Level 5 of the Dungeon
  3283 | D:5      | Reached skill level 5 in Axes
  3330 | D:5      | Noticed a water moccasin
  3335 | D:5      | Killed a water moccasin
  3336 | D:5      | Reached XP level 7. HP: 44/44 MP: 7/7
  3434 | D:5      | Identified the +0 robe "Lotemen" {Str+2 Int+3 Dex+4}
  3447 | D:5      | Reached skill level 5 in Armour
  3653 | D:5      | Found a sacrificial altar of Ru.
  3804 | D:5      | Found a shadowy altar of Dithmenos.
  3911 | D:5      | Reached skill level 6 in Axes
  3911 | D:5      | Reached XP level 8. HP: 32/48 MP: 8/8
  4456 | D:6      | Reached skill level 5 in Fighting
  4461 | D:6      | Noticed a manticore
  4465 | D:6      | Reached skill level 7 in Axes
  4566 | D:6      | Noticed Maggie
  4577 | D:6      | Killed Maggie
  4578 | D:6      | Reached XP level 9. HP: 54/54 MP: 9/9
  4623 | D:7      | Identified the "Effag"
  4623 | D:7      | Identified the "Sogibb"
  4713 | D:6      | Killed a manticore
  4714 | D:6      | Reached skill level 8 in Axes
  4714 | D:6      | Reached skill level 1 in Stealth
  5017 | D:6      | Found a blossoming altar of Fedhas.
  5359 | D:7      | Found a shimmering altar of Xom.
  5360 | D:7      | Found a shimmering altar of Xom.
  5360 | D:7      | Found a shimmering altar of Xom.
  5361 | D:7      | Found a shimmering altar of Xom.
  5402 | D:7      | Found a shimmering altar of Xom.
  5406 | D:7      | Found a transporter.
  5412 | D:7      | Found a transporter.
  5421 | D:7      | Noticed Menkaure
  5421 | D:7      | Found an ancient bone altar of Kikubaaqudgha.
  5421 | D:7      | Found a basalt altar of Yredelemnul.
  5427 | D:7      | Killed Menkaure
  5433 | D:7      | Reached skill level 9 in Axes
  5437 | D:7      | Reached XP level 10. HP: 61/61 MP: 10/10
  5645 | D:7      | Found a staircase to the Ecumenical Temple.
  5712 | D:7      | Found Soepp's General Store.
  5715 | D:7      | Bought a scroll of teleportation for 33 gold pieces
  5715 | D:7      | Bought a scroll of teleportation for 33 gold pieces
  6025 | D:7      | Found a snail-covered altar of Cheibriados.
  6095 | D:7      | Found a hazy altar of Hepliaklqana.
  6111 | D:7      | Noticed an entropy weaver
  6116 | D:7      | an entropy weaver changed into a tarantella
  6185 | D:7      | Reached skill level 10 in Axes
  6238 | D:7      | Noticed a dire elephant
  6360 | D:8      | Noticed a centaur warrior
  6409 | D:8      | Found an iron altar of Okawaru.
  6495 | D:8      | Found a burning altar of Makhleb.
  7071 | D:9      | Found Zeybirphe's Assorted Antiques.
  7079 | D:9      | Bought a scroll of blinking for 172 gold pieces
  7079 | D:9      | Bought a pair of heavily runed boots for 218 gold pieces
  7079 | D:9      | Identified the +0 pair of boots of the Planets {rElec rCorr
                  | Dex-5 Slay+3} (You bought it in a shop on level 9 of the
                  | Dungeon)
  7497 | D:9      | Found Lanud's Changing Room.
  7505 | D:9      | Bought a potion of mutation for 112 gold pieces
  7505 | D:9      | Gained mutation: You have an increased reservoir of magic.
                  | (+10% MP) [potion of mutation]
  7505 | D:9      | Gained mutation: You are weak. (Str -2) [potion of
                  | mutation]
  7505 | D:9      | Gained mutation: You are robust. (+10% HP) [potion of
                  | mutation]
  7696 | D:9      | Reached skill level 11 in Axes
  7732 | D:9      | Reached XP level 11. HP: 34/74 MP: 12/12
  8196 | D:10     | Entered Level 10 of the Dungeon
  8209 | D:10     | Noticed a two-headed ogre
  8219 | D:10     | Killed a two-headed ogre
  8237 | D:10     | Reached skill level 5 in Dodging
  8318 | D:10     | Reached skill level 12 in Axes
  8386 | D:10     | Found a flagged portal.
  8398 | Bailey   | Entered a bailey
  8525 | Bailey   | Noticed an orc knight
  8525 | Bailey   | Noticed an orc knight
  8533 | Bailey   | Mangled by an orc knight

Illustrated notes

Levels and vault maps discovered:
D:1:      heliophobic_arrival_dark_side_of_the_moon, layout_basic,
          lexackson_kobold_supper
D:2:      layout_rooms
D:3:      layout_loops_ring, ashenzari_conservatory_becter,
          nicolae_overflow_crystal_walls, hellmonk_ecumenical_altar_run_dry
D:4:      layout_cave_pods, nicolae_wu_jian_immortal_techniques, serial_shops,
          nicolae_shop_advertising_works [nicolae_subvault_shop_adworks],
          serial_column_ruins, column_ruins_hut, column_ruins_circle_small,
          column_ruins_grid_2, column_ruins_open_small,
          column_ruins_open_medium, column_ruins_open_tiny, grunt_ministairs_4,
          dreamdust_princess_bridge, hangedman_glass_garden
D:5:      layout_loops_corners, mainiacjoe_overflow_alcove_1,
          nicolae_dithmenos_through_a_glass_darkly, kennysheep_generic_room_4
D:6:      hangedman_cross_stitches, layout_rooms, fedhas_altar_4, uniq_maggie
D:7:      layout_loops_cross, chei_slow_surprise,
          nicolae_hepliaklqana_monster_ancestors, xom_shifter_show,
          gammafunk_temple_of_torment, minmay_temple_entry_tees, serial_shops,
          nicolae_shop_real_fake_doors
D:8:      layout_gridville, mainiacjoe_overflow_six_doors_small,
          mainiacjoe_overflow_concentric_impassable, roderic_roman_lattice,
          onia_ninara_dug_in_and_dangerous
D:9:      layout_stronghold, serial_shops, shop, nicolae_transmutations_shop,
          grunt_decor_junction, hangedman_fish_farm
D:10:     layout_irregular_city, mainiacjoe_overflow_paths, lair_entry_dummy,
          david_orc_5, lightli_bailey_entry_fortress, serial_park_tiny_pond,
          uniq_harold, uniq_joseph
Bailey:   bailey_polearm_1, bailey

Skill      XL: |  1  2  3  4  5  6  7  8  9 10 11 |
---------------+----------------------------------+-----
Axes           | 3 4 5 6 7 9 11 12 | 12.0
Fighting       | 4 5 6 7 8 |  8.6
Dodging        | 2 3 4 5 |  5.2
Armour         | 3 4 5 7 |  7.9
Stealth        | 1 2 3 |  3.1

Action                     |  1- 3 |  4- 6 |  7- 9 | 10-12 || total
---------------------------+-------+-------+-------+-------++-------
  Melee: Hand axe          |   108 |   125 |       |       ||   233
         Punch             |       |     1 |     4 |     6 ||    11
         War axe           |       |    41 |   243 |   303 ||   587
 Invoke: Berserk           |     1 |     3 |     7 |     7 ||    18
         Trog's Hand       |       |     1 |     8 |     6 ||    15
    Use: Scroll            |     1 |     6 |     3 |     4 ||    14
         Potion            |       |     2 |     3 |     1 ||     6
   Stab: Sleeping          |       |       |       |     3 ||     3
 Armour: Animal skin       |    19 |       |       |       ||    19
         Ring mail         |    67 |    80 |       |       ||   147
         Plate armour      |       |    56 |   217 |       ||   273
         Steam dragon scal |       |       |   114 |   277 ||   391
  Dodge: Dodged            |    99 |    86 |   148 |   249 ||   582

Table legend: (Time is in decaauts)
 A = Elapsed time spent in this place.
 B = Non-inter-level travel time spent in this place.
 C = Inter-level travel time spent in this place.
 D = Time resting spent in this place.
 E = Time spent auto-exploring this place.
 F = Levels seen in this place.
 G = Mean time per level.
                   A        B        C        D        E       F      G
               +--------+--------+--------+--------+--------+-----+--------+
         Total |   8771 |   8501 |    270 |    153 |   5970 |  11 |  797.4 |
       Dungeon |   8628 |   8358 |    270 |    153 |   5934 |  10 |  862.8 |
        Bailey |    143 |    143 |      0 |      0 |     35 |   1 |  143.0 |
               +--------+--------+--------+--------+--------+-----+--------+

Top non-repeatable levels by time:
     D:5: 1205 daAuts
     D:9: 1159 daAuts
     D:4: 1144 daAuts
     D:7: 990 daAuts
     D:6: 958 daAuts
     D:1: 956 daAuts
     D:8: 820 daAuts
     D:3: 631 daAuts
     D:2: 539 daAuts
    D:10: 222 daAuts
  Bailey: 143 daAuts
